 Dungeon Sprint DCSS version 0.23.1-37-gaa34b87b72 (webtiles) character file.

Game seed: 8784730692933480916

477472 Groucho the Invulnerable (level 21, -7/156 HPs)
             Began as a Minotaur Fighter on Mar 20, 2019.
             Was an Elder of Cheibriados.
             Mangled by a reaper
             ... wielding a +3 scythe of slicing
             ... summoned by a greater mummy's death curse
              (28 damage)
             ... in the Dungeon (Sprint IX: "|||||||||||||||||||||||||||||") on Mar 27, 2019.
             The game lasted 00:49:57 (14320 turns).

Groucho the Invulnerable (Minotaur Fighter)        Turns: 14320, Time: 00:49:57

Health: -7/156     AC: 36    Str: 31    XL:     21   Next: 72%
Magic:  5/37       EV: 34    Int: 14    God:    Cheibriados [****..]
Gold:   909        SH: 32    Dex: 27    Spells: 45/47 levels left

rFire    + + +     SeeInvis +   T - +9 broad axe (freeze)
rCold    + + .     Gourm    .   G - +3 large shield {reflect}
rNeg     . . .     Faith    .   D - +6 gold dragon scales
rPois    +         Spirit   .   (helmet restricted)
rElec    +         Reflect  +   A - +1 cloak of Starlight {rElec rC+ EV+4 Stlth--}
rCorr    +         Harm     .   n - +0 pair of gloves of the Evening {rCorr SInv}
MR       ++...     Rnd*Rage +   B - +2 pair of boots Stlth ..........NoTele +
                                E - amulet of regeneration
HPRegen  0.76/turn              u - ring of Kut Kamenesch {Wiz +Inv rPois rF++ Dex+3}
MPRegen  0.25/turn              x - ring of protection from magic

@: very slightly contaminated, very slow
A: retaliatory headbutt, horns 2, berserk 2, clumsy 1, deformed body, frail 3,
weak 1
}: 7/17 runes: decaying, serpentine, barnacled, slimy, elven, silver, gossamer
a: Bend Time, Temporal Distortion, Slouch, Renounce Religion, Evoke Invisibility


You were in the Dungeon.
You worshipped Cheibriados.
Cheibriados was greatly pleased with you.
You were hungry.

You visited 1 branch You collected 2022 gold pieces.
You spent 1113 gold pieces at shops.

Inventory:

Hand Weapons
 y - a +7 hand crossbow of freezing
 F - the +7 great mace "Undeadhunter" {disrupt, rN+}
   (You found it in the Dungeon)

   It protects you from negative energy.
 T - a +9 broad axe of freezing (weapon)
Missiles
 z - 264 bolts
 J - 8 tomahawks
 K - 31 javelins
 L - 18 javelins of returning
 M - 14 javelins of penetration (quivered)
Armour
 n - the +0 pair of gloves of the Evening (worn) {rCorr SInv}
   (You found it in the Dungeon)

   It lets you see invisible.
   It provides partial protection from all sources of acid and corrosion.
 A - the +1 cloak of Starlight (worn) {rElec rC+ EV+4 Stlth--}
   (You found it in the Dungeon)

   It affects your evasion (+4).
   It protects you from cold.
   It insulates you from electricity.
   It makes you much less stealthy.
 B - a +2 pair of boots (worn)
 D - +6 gold dragon scales (worn)
 G - a +3 large shield of reflection (worn)
 U - +5 storm dragon scales
Jewellery
 b - an uncursed ring of resist corrosion {unknown}
 p - a +2 ring of protection
 q - a +2 ring of evasion
 s - a +2 ring of slaying
 t - a +1 ring of slaying
 u - the ring of Kut Kamenesch (left hand) {Wiz +Inv rPois rF++ Dex+3}
   (You bought it in a shop in the Dungeon)

   [ring of wizardry]

   It improves your spell success rate.
   It affects your dexterity (+3).
   It greatly protects you from fire.
   It protects you from poison.
   It lets you turn invisible.
 w - an uncursed ring of magical power
 x - a ring of protection from magic (right hand)
 E - an amulet of regeneration (around neck)
 N - the ring of Naoneir {Wiz SInv, unknown}
   (You found it in the Dungeon)

   [ring of wizardry]

   It improves your spell success rate.
   It lets you see invisible.
 O - the ring "Woffint" {+Inv Str+3 Slay+2}
   (You found it in the Dungeon)

   [ring of strength]

   It affects your strength (+3).
   It affects your accuracy and damage with ranged weapons and melee attacks
   (+2).
   It lets you turn invisible.
 P - the ring of the Doge {+Fly rPois Str+2 Int+3}
   (You found it in the Dungeon)

   [ring of flight]

   It affects your strength (+2).
   It affects your intelligence (+3).
   It protects you from poison.
   It lets you fly.
 Q - the amulet "Ziadgh" {Spirit +Blink rF++ MR- Str+3}
   (You found it in the Dungeon)

   [amulet of guardian spirit]

   It causes incoming damage to be split between your health and magic.
   It affects your strength (+3).
   It greatly protects you from fire.
   It affects your resistance to hostile enchantments.
   It lets you blink.
 R - the ring of Senoudgh {AC+3 Dex+2}
   (You found it in the Dungeon)

   [ring of protection]

   It affects your AC (+3).
   It affects your dexterity (+2).
 S - the ring "Bitunli" {rElec rPois rF- EV+3 Str+3}
   (You found it in the Dungeon)

   [ring of evasion]

   It affects your evasion (+3).
   It affects your strength (+3).
   It makes you vulnerable to fire.
   It insulates you from electricity.
   It protects you from poison.
Wands
 c - a wand of flame (13)
 m - a wand of iceblast (10)
Scrolls
 f - 3 scrolls of enchant weapon
 g - 5 scrolls of fog
 h - 4 scrolls of identify
 j - 8 scrolls of remove curse
 k - 2 scrolls of blinking
 l - 2 scrolls of amnesia
 o - 2 scrolls of fear
Potions
 a - a potion of brilliance
 d - 5 potions of might
 i - 4 potions of magic
 v - 2 potions of degeneration
 C - a potion of agility
 H - 2 potions of resistance
 W - a potion of lignification {unknown}
Comestibles
 r - 2 rations


   Skills:
 O Level 27 Fighting
 O Level 27 Axes
 O Level 27 Crossbows
 + Level 23.0 Throwing
 O Level 27 Armour
 O Level 27 Dodging
 O Level 27 Shields
 O Level 27 Unarmed Combat
 + Level 13.6 Spellcasting
 O Level 27 Invocations
 O Level 27 Evocations


You had 45 spell levels left.
You knew the following spells:

 Your Spells              Type           Power        Failure   Level  Hunger
a - Blink                 Tloc           N/A          22%         2    None

Your spell library contained the following spells:

 Spells                   Type           Power        Failure   Level  Hunger
 Magic Dart               Conj           #...         16%         1    None
 Call Imp                 Summ           #.......     22%         2    None
 Slow                     Hex            #.......     22%         2    None
 Conjure Flame            Conj/Fire      #.......     38%         3    None
 Mephitic Cloud           Conj/Pois/Air  #.......     38%         3    None


Dungeon Overview and Level Annotations

Branches:
Dungeon (1/1)

Altars:
Cheibriados
Dithmenos
Elyvilon
Fedhas
Gozag
Hepliaklqana
Kikubaaqudgha
Makhleb
Nemelex Xobeh
Okawaru
Qazlal
Ru
Sif Muna
Trog
Uskayaw
Vehumet
Wu Jian
Xom
Yredelemnul
Zin
The Shining One
Beogh
Jiyva
Lugonu

Shops:
D =(*=


Innate Abilities, Weirdness & Mutations

You reflexively headbutt those who attack you in melee.
You have a pair of horns on your head.
You often lose your temper in combat.
You are clumsy. (Dex -2)
Armour fits poorly on your strangely shaped body.
You are extremely frail. (-30% HP)
You are weak. (Str -2)


Message History

You can now inflict damage on those overly hasty.
Cheibriados raises the support of your attributes as your movement slows.
The shadow wraith disappears in a puff of smoke!
Your Throwing skill increases to level 23!
You feel extremely nervous for a moment...
Death has come for you...
Unknown command.
You slash the reaper! You freeze the reaper. Your headbutt misses the reaper.
The reaper is lightly wounded.
Your gold dragon scales prevents you from hitting the reaper.
You headbutt the reaper, but do no damage.
The reaper is lightly wounded.
You block the reaper's attack.
You closely miss the reaper.
The reaper is lightly wounded.
You slice the reaper!! You freeze the reaper.
You headbutt the reaper, but do no damage.
The reaper is heavily wounded.
The reaper hits you with a +3 scythe of slicing!!
You die...

▓▓▓▓▓▓▓▓▓▓▓▓▓▓▓▓▓▓▓
▓M.MW.'(M(..(..(...
▓.▓▓▓▓▓▓▓▓▓▓▓▓▓▓▓▓▓
▓.@2...............
▓▓▓▓▓▓▓▓▓▓▓▓▓▓▓▓♣♣♣
▓.).'..).)......)).
▓.▓▓▓▓▓▓▓▓▓▓▓▓▓▓♣♣♣
▓................).
▓▓▓▓▓▓▓▓▓▓▓▓▓▓▓▓▓▓▓
▓.........'........
▓.▓▓▓▓▓▓▓▓▓▓▓▓▓▓▓▓▓
▓..................


You could see a reaper and a mummy priest.

Vanquished Creatures
  the Royal Jelly (D)
  5 orbs of fire (D)
  8 ancient liches (D)
  Mara (D)
  Mennas (D)
  2 greater mummies (D)
  Sojobo (D)
  A Killer Klown (D)
  Frederick (D)
  A curse toe (D)
  5 golden dragons (D)
  A bone dragon (D)
  An electric golem (D)
  6 tentacled monstrosities (D)
  5 liches (D)
  26 Orb Guardians (D)
  2 deep elf blademasters (D)
  A deep elf master archer (D)
  3 quicksilver dragons (D)
  13 acid blobs (D)
  2 thorn hunters (D)
  A death cob (D)
  A storm dragon (D)
  7 shadow dragons (D)
  12 sphinxes (D)
  Kirke (D)
  Agnes (D)
  3 tengu reavers (D)
  3 draconian monks (D)
  6 azure jellies (D)
  2 draconian knights (D)
  2 fire giants (D)
  6 nagarajas (D)
  3 deep elf sorcerers (D)
  2 frost giants (D)
  7 emperor scorpions (D)
  2 vault wardens (D)
  Louise (D)
  An orc warlord (D)
  2 draconian scorchers (D)
  A ghost moth (D)
  3 draconian shifters (D)
  6 stone giants (D)
  A very ugly thing (D)
  2 draconian stormcallers (D)
  An ironheart preserver (D)
  4 vampire knights (D)
  An entropy weaver (D)
  3 deep elf demonologists (D)
  2 black draconians (D)
  2 draconian annihilators (D)
  5 green draconians (D)
  2 deep elf annihilators (D)
  Nessos (D)
  4 yellow draconians (D)
  3 white draconians (D)
  3 red draconians (D)
  4 merfolk javelineers (D)
  3 purple draconians (D)
  3 merfolk impalers (D)
  2 ettins (D)
  2 fire dragons (D)
  5 death oozes (D)
  Josephine (D)
  2 mummy priests (D)
  6 hydras (D)
  Erolcha (D)
  6 yaktaur captains (D)
  2 deep elf high priests (D)
  3 naga warriors (D)
  2 great orbs of eyes (D)
  2 ice dragons (D)
  25 vault guards (D)
  A rakshasa (D)
  A catoblepas (D)
  A death knight (D)
  6 merfolk aquamancers (D)
  An anaconda (D)
  4 ogre magi (D)
  A tengu warrior (D)
  2 deep troll earth magi (D)
  A deep troll shaman (D)
  5 orc high priests (D)
  Nergalle (D)
  2 small abominations (D)
  A sea snake (D)
  A deep troll (D)
  A spriggan druid (D)
  A flayed ghost (D)
  2 glowing orange brains (D)
  8 swamp dragons (D)
  2 harpies (D)
  A mana viper (D)
  3 ironbrand convokers (D)
  An orb spider (D)
  An ugly thing (D)
  A deep elf mage (D)
  15 orc knights (D)
  A cyclops (D)
  4 wolf spiders (D)
  A manticore (D)
  Maurice (D)
  4 vault sentinels (D)
  7 moths of wrath (D)
  4 black mambas (D)
  A guardian serpent (D)
  2 naga magi (D)
  Joseph (D)
  2 spiny frogs (D)
  A komodo dragon (D)
  A freezing wraith (D)
  6 yaktaurs (D)
  19 guardian mummies (D)
  A meliai (D)
  2 trolls (D)
  6 jumping spiders (D)
  2 merfolk (D)
  A polar bear (shapeshifter) (D)
  2 tyrant leeches (D)
  A hornet (D)
  3 hippogriffs (D)
  A snapping turtle (D)
  A bog body (D)
  3 blink frogs (D)
  11 spriggans (D)
  3 redbacks (D)
  A water elemental (D)
  A shadow (D)
  5 wraiths (D)
  6 hogs (D)
  A yak (D)
  2 golden eyes (D)
  A warg (D)
  2 acid dragons (D)
  3 nagas (D)
  4 floating eyes (D)
  3 hell hounds (D)
  2 porcupines (D)
  2 swamp drakes (D)
  10 orc warriors (D)
  A phantom (D)
  4 wolves (D)
  3 crocodiles (D)
  6 bullfrogs (D)
  A gnoll sergeant (D)
  A killer bee (D)
  A crimson imp (D)
  A jelly (D)
  A hound (D)
  3 orc priests (D)
  4 orc wizards (D)
  2 worker ants (D)
  An adder (D)
  An adder zombie (D)
  A leopard gecko (D)
  9 orcs (D)
  A bat (D)
  A giant cockroach (D)
  A hobgoblin (D)
  A frilled lizard (D)
  A rat (D)
  A briar patch (D)
  3 crawling corpses (D)
511 creatures vanquished.

Vanquished Creatures (others)
  A deep elf master archer (D)
  Ilsuiw (D)
  A draconian shifter (D)
  A merfolk aquamancer (D)
  A spatial maelstrom (D)
  A naga mage (D)
6 creatures vanquished.

Grand Total: 517 creatures vanquished

Notes
Turn   | Place    | Note
-------+----------+-------------------------------------------
     0 | D        | Groucho the Minotaur Fighter began the quest for the Orb.
     0 | D        | Reached XP level 1. HP: 19/19 MP: 0/0
     4 | D        | Banished a spatial maelstrom
    21 | D        | Noticed a worker ant
    21 | D        | Noticed a crimson imp
    21 | D        | Noticed a gnoll sergeant
    27 | D        | Killed a worker ant
    27 | D        | Reached skill level 5 in Fighting
    27 | D        | Reached skill level 5 in Armour
    27 | D        | Reached skill level 5 in Shields
    27 | D        | Reached XP level 2. HP: 18/29 MP: 1/1
    27 | D        | Reached XP level 3. HP: 23/36 MP: 2/2
    30 | D        | Reached skill level 5 in Axes
    36 | D        | Reached XP level 4. HP: 40/44 MP: 3/3
    45 | D        | Killed a gnoll sergeant
   526 | D        | Found a roughly hewn altar of Beogh.
   526 | D        | Found a snail-covered altar of Cheibriados.
   526 | D        | Found a shadowy altar of Dithmenos.
   526 | D        | Found a white marble altar of Elyvilon.
   526 | D        | Found a blossoming altar of Fedhas.
   526 | D        | Found an opulent altar of Gozag.
   527 | D        | Found a hazy altar of Hepliaklqana.
   528 | D        | Found a viscous altar of Jiyva.
   529 | D        | Found an ancient bone altar of Kikubaaqudgha.
   530 | D        | Became a worshipper of Cheibriados the Contemplative
   531 | D        | Found a corrupted altar of Lugonu.
   532 | D        | Found a burning altar of Makhleb.
   533 | D        | Found a sparkling altar of Nemelex Xobeh.
   534 | D        | Found an iron altar of Okawaru.
   535 | D        | Found a stormy altar of Qazlal.
   536 | D        | Found a sacrificial altar of Ru.
   537 | D        | Found a deep blue altar of Sif Muna.
   538 | D        | Found a bloodstained altar of Trog.
   539 | D        | Found a hide-covered altar of Uskayaw.
   540 | D        | Found a radiant altar of Vehumet.
   541 | D        | Found an ornate altar of the Wu Jian Council.
   542 | D        | Found a shimmering altar of Xom.
   543 | D        | Found a basalt altar of Yredelemnul.
   544 | D        | Found a glowing silver altar of Zin.
   545 | D        | Found a glowing golden altar of the Shining One.
   592 | D        | Noticed a phantom
   592 | D        | Noticed a bullfrog
   592 | D        | Noticed a hippogriff
   595 | D        | Reached XP level 5. HP: 50/52 MP: 4/4
   599 | D        | Reached * piety under Cheibriados
   604 | D        | Reached ** piety under Cheibriados
   604 | D        | Reached XP level 6. HP: 51/62 MP: 5/5
   610 | D        | Killed a hippogriff
   614 | D        | Reached XP level 7. HP: 43/71 MP: 6/6
   947 | D        | Noticed a meliai
   947 | D        | Noticed a troll
   947 | D        | Noticed a catoblepas
   947 | D        | Noticed a komodo dragon
   949 | D        | Killed a meliai
   949 | D        | Reached *** piety under Cheibriados
   949 | D        | Reached skill level 10 in Fighting
   949 | D        | Reached skill level 10 in Axes
   949 | D        | Reached skill level 10 in Armour
   949 | D        | Reached skill level 10 in Shields
   976 | D        | Killed a catoblepas
   976 | D        | Reached XP level 8. HP: 35/82 MP: 8/10
   985 | D        | HP: 3/82 [troll (3)]
   993 | D        | Killed a troll
   993 | D        | Reached **** piety under Cheibriados
   993 | D        | Reached skill level 5 in Invocations
   997 | D        | Killed a komodo dragon
  2463 | D        | Noticed a spiny frog
  2463 | D        | Noticed a hippogriff
  2463 | D        | Noticed a blink frog
  2464 | D        | Reached XP level 9. HP: 90/90 MP: 12/12
  2464 | D        | Reached ***** piety under Cheibriados
  2465 | D        | Killed a spiny frog
  2620 | D        | Noticed a spiny frog
  2620 | D        | Noticed a seven-headed hydra
  2622 | D        | Reached ****** piety under Cheibriados
  2625 | D        | Killed a spiny frog
  2626 | D        | Reached XP level 10. HP: 89/101 MP: 8/15
  2630 | D        | Killed a seven-headed hydra
  3033 | D        | Noticed Josephine
  3040 | D        | Killed Josephine
  3397 | D        | Reached skill level 10 in Invocations
  3400 | D        | Noticed an orc knight
  3403 | D        | Reached XP level 11. HP: 110/111 MP: 17/17
  3414 | D        | Killed an orc knight
  3417 | D        | Reached skill level 15 in Armour
  3417 | D        | Reached skill level 15 in Shields
  3522 | D        | Found Haluhefo's Jewellery Emporium.
  3522 | D        | Noticed an orc knight
  3522 | D        | Noticed an orc knight
  3522 | D        | Noticed an orc knight
  3522 | D        | Noticed an orc high priest
  3522 | D        | Noticed an orc high priest
  3523 | D        | Noticed an orc high priest
  3525 | D        | Noticed a sixfirhy
  3525 | D        | Killed an orc high priest
  3525 | D        | Reached skill level 15 in Fighting
  3525 | D        | Killed an orc high priest
  3525 | D        | Reached skill level 15 in Axes
  3526 | D        | Noticed an orc knight
  3527 | D        | Killed an orc knight
  3529 | D        | Killed an orc knight
  3530 | D        | Killed an orc knight
  3531 | D        | Noticed an orc knight
  3538 | D        | Killed an orc high priest
  3541 | D        | Noticed an orc knight
  3544 | D        | Killed an orc knight
  3545 | D        | Found Ehoeprui's Weapon Shoppe.
  3548 | D        | Killed an orc knight
  3551 | D        | Noticed an orc high priest
  3558 | D        | Killed an orc knight
  3566 | D        | Killed an orc high priest
  3987 | D        | Found Nicvupn's General Store.
  3991 | D        | Found Gion Fouc's Jewellery Shoppe.
  3995 | D        | Noticed an orc high priest
  3996 | D        | Noticed an orc knight
  3997 | D        | Noticed an orc knight
  4000 | D        | Killed an orc high priest
  4008 | D        | Killed an orc knight
  4011 | D        | Killed an orc knight
  4049 | D        | Bought a +1 ring of slaying for 66 gold pieces
  4049 | D        | Bought the ring of Kut Kamenesch {Wiz +Inv rPois rF++
                  | Dex+3} for 792 gold pieces
  4051 | D        | Bought a scroll of identify for 22 gold pieces
  4051 | D        | Bought a potion of degeneration for 11 gold pieces
  4051 | D        | Bought a scroll of identify for 22 gold pieces
  4055 | D        | Bought an uncursed ring of magical power for 200 gold
                  | pieces
  4094 | D        | Noticed Erolcha
  4098 | D        | Killed Erolcha
  4098 | D        | Reached XP level 12. HP: 124/124 MP: 20/20
  4122 | D        | Noticed Joseph
  4131 | D        | Killed Joseph
  4183 | D        | Found the +1 cloak of Starlight {rElec rC+ EV+4 Stlth--}
  4465 | D        | Noticed a deep troll earth mage
  4474 | D        | Noticed a great orb of eyes
  4475 | D        | Killed a deep troll earth mage
  4477 | D        | Noticed a green very ugly thing
  4479 | D        | Noticed an ogre mage
  4483 | D        | Killed a great orb of eyes
  4485 | D        | Noticed an ice dragon
  4487 | D        | Killed an ogre mage
  4488 | D        | Killed a green very ugly thing
  4492 | D        | Killed an ice dragon
  4734 | D        | Noticed Kirke
  4745 | D        | Reached skill level 1 in Crossbows
  4745 | D        | Reached skill level 1 in Dodging
  4747 | D        | Killed Kirke
  5099 | D        | Noticed a thorn hunter
  5099 | D        | Noticed a thorn hunter
  5105 | D        | Killed a thorn hunter
  5105 | D        | Reached XP level 13. HP: 99/134 MP: 15/22
  5105 | D        | Killed a thorn hunter
  5105 | D        | Reached skill level 5 in Crossbows
  5105 | D        | Reached skill level 5 in Dodging
  5736 | D        | Noticed a merfolk impaler
  5736 | D        | Noticed a merfolk impaler
  5749 | D        | Killed a merfolk impaler
  5759 | D        | Killed a merfolk impaler
  5759 | D        | Reached skill level 10 in Dodging
  5763 | D        | Reached skill level 10 in Crossbows
  6026 | D        | Noticed Maurice
  6031 | D        | Killed Maurice
  6067 | D        | Noticed Nessos
  6073 | D        | Killed Nessos
  6120 | D        | Noticed a stone giant
  6124 | D        | Noticed a fire giant
  6125 | D        | Noticed a golden dragon
  6131 | D        | Noticed an ettin
  6141 | D        | Noticed a stone giant
  6144 | D        | Killed a stone giant
  6150 | D        | Killed a fire giant
  6157 | D        | Noticed a stone giant
  6158 | D        | Killed a golden dragon
  6158 | D        | Reached XP level 14. HP: 117/147 MP: 23/23
  6167 | D        | Noticed a stone giant
  6169 | D        | Killed a stone giant
  6186 | D        | Killed a stone giant
  6193 | D        | Killed a stone giant
  6213 | D        | Reached skill level 15 in Dodging
  6713 | D        | Noticed a vault warden
  6735 | D        | Killed a vault warden
  6736 | D        | Noticed a frost giant
  6736 | D        | Noticed a frost giant
  6736 | D        | Noticed a green draconian knight
  6736 | D        | Noticed a fire giant
  6740 | D        | Killed a frost giant
  6745 | D        | Killed a green draconian knight
  6750 | D        | Killed a frost giant
  6751 | D        | Killed a fire giant
  7173 | D        | Noticed Agnes
  7180 | D        | Killed Agnes
  7180 | D        | Reached XP level 15. HP: 155/155 MP: 24/24
  7254 | D        | Found the +7 great mace "Undeadhunter" {disrupt, rN+}
  7415 | D        | Killed a ghost moth
  7497 | D        | Got a gossamer rune of Zot
  7521 | D        | Noticed Ilsuiw
  7553 | D        | Killed Ilsuiw
  7588 | D        | Got a barnacled rune of Zot
  7635 | D        | Reached skill level 1 in Throwing
  7692 | D        | Got a decaying rune of Zot
  7715 | D        | Noticed a nagaraja
  7715 | D        | Noticed a nagaraja
  7715 | D        | Noticed a nagaraja
  7716 | D        | Noticed a nagaraja
  7720 | D        | Noticed a nagaraja
  7722 | D        | Killed a nagaraja
  7722 | D        | Reached skill level 5 in Throwing
  7722 | D        | Reached skill level 27 in Armour
  7726 | D        | Killed a nagaraja
  7726 | D        | Noticed a nagaraja
  7730 | D        | Killed a nagaraja
  7738 | D        | Killed a nagaraja
  7743 | D        | Killed a nagaraja
  7747 | D        | Killed a nagaraja
  7747 | D        | Reached XP level 16. HP: 152/162 MP: 25/25
  7780 | D        | Got a serpentine rune of Zot
  7922 | D        | Noticed Nergalle
  7927 | D        | Killed Nergalle
  8016 | D        | Reached skill level 10 in Throwing
  8174 | D        | Reached skill level 1 in Unarmed Combat
  8297 | D        | Noticed a golden dragon
  8317 | D        | Killed a golden dragon
  8317 | D        | Reached skill level 5 in Unarmed Combat
  8322 | D        | Noticed a shadow dragon
  8328 | D        | Reached skill level 27 in Shields
  8328 | D        | Noticed a shadow dragon
  8351 | D        | Killed a shadow dragon
  8368 | D        | Killed a shadow dragon
  8383 | D        | Reached skill level 15 in Throwing
  8505 | D        | Noticed a shadow dragon
  8505 | D        | Noticed a tentacled monstrosity
  8505 | D        | Noticed an ancient lich
  8505 | D        | Noticed a shadow dragon
  8511 | D        | Noticed a shadow dragon
  8518 | D        | Killed a tentacled monstrosity
  8518 | D        | Reached skill level 10 in Unarmed Combat
  8524 | D        | Noticed a lich
  8532 | D        | Killed an ancient lich
  8532 | D        | Reached XP level 17. HP: 82/170 MP: 20/26
  8533 | D        | Killed a lich
  8554 | D        | Got a wavering steel ring
  8556 | D        | Got a silver rune of Zot
  9030 | D        | Noticed Louise
  9039 | D        | Killed Louise
  9060 | D        | Noticed Mennas
  9091 | D        | Killed Mennas
  9107 | D        | Noticed Frederick
  9116 | D        | Killed Frederick
  9145 | D        | Got the ring "Woffint" {+Inv Str+3 Slay+2}
  9147 | D        | Got the ring of the Doge {+Fly rPois Str+2 Int+3}
  9149 | D        | Got the amulet "Ziadgh" {Spirit +Blink rF++ MR- Str+3}
  9151 | D        | Got the ring of Senoudgh {AC+3 Dex+2}
  9153 | D        | Got the ring "Bitunli" {rElec rPois rF- EV+3 Str+3}
  9178 | D        | Got the +0 pair of gloves of the Evening {rCorr SInv}
  9257 | D        | Noticed Sojobo
  9277 | D        | Killed Sojobo
  9277 | D        | Reached skill level 27 in Dodging
  9485 | D        | Noticed Mara
  9486 | D        | Noticed Groucho's illusion
  9500 | D        | Noticed Groucho's illusion
  9512 | D        | Killed Mara
  9953 | D        | Noticed a golden dragon
  9957 | D        | Noticed a quicksilver dragon
  9963 | D        | Killed a golden dragon
  9963 | D        | Reached skill level 15 in Invocations
  9996 | D        | Killed a quicksilver dragon
 10037 | D        | Noticed a golden dragon
 10043 | D        | Noticed a bone dragon
 10051 | D        | Killed a golden dragon
 10068 | D        | Killed a bone dragon
 10098 | D        | Reached XP level 18. HP: 187/187 MP: 27/29
 10342 | D        | Noticed a tentacled monstrosity
 10346 | D        | Noticed a tentacled monstrosity
 10350 | D        | Killed a tentacled monstrosity
 10363 | D        | Killed a tentacled monstrosity
 10433 | D        | Noticed a tentacled monstrosity
 10433 | D        | Noticed a Killer Klown
 10446 | D        | Killed a tentacled monstrosity
 10448 | D        | Noticed a tentacled monstrosity
 10450 | D        | Killed a Killer Klown
 10462 | D        | Killed a tentacled monstrosity
 10578 | D        | Noticed an Orb Guardian
 10578 | D        | Noticed an Orb Guardian
 10578 | D        | Noticed an Orb Guardian
 10578 | D        | Noticed an Orb Guardian
 10578 | D        | Noticed an Orb Guardian
 10578 | D        | Noticed an Orb Guardian
 10581 | D        | Noticed an Orb Guardian
 10583 | D        | Killed an Orb Guardian
 10587 | D        | Killed an Orb Guardian
 10590 | D        | Killed an Orb Guardian
 10596 | D        | Killed an Orb Guardian
 10599 | D        | Killed an Orb Guardian
 10603 | D        | Killed an Orb Guardian
 10610 | D        | Killed an Orb Guardian
 10611 | D        | Noticed an Orb Guardian
 10612 | D        | Noticed an Orb Guardian
 10616 | D        | Killed an Orb Guardian
 10619 | D        | Killed an Orb Guardian
 10620 | D        | Noticed an Orb Guardian
 10625 | D        | Killed an Orb Guardian
 10625 | D        | Reached XP level 19. HP: 206/206 MP: 32/32
 10632 | D        | Noticed a curse toe
 10636 | D        | Killed a curse toe
 10636 | D        | Reached skill level 27 in Fighting
 11194 | D        | Noticed an ancient lich
 11199 | D        | Killed an ancient lich
 11218 | D        | Noticed an orb of fire
 11224 | D        | Gained mutation: Armour fits poorly on your strangely
                  | shaped body. [an orb of fire]
 11227 | D        | Killed an orb of fire
 11227 | D        | Reached skill level 27 in Axes
 11230 | D        | Noticed an electric golem
 11242 | D        | Killed an electric golem
 11245 | D        | Noticed a golden dragon
 11245 | D        | Noticed an ancient lich
 11245 | D        | Noticed an ancient lich
 11248 | D        | Killed a golden dragon
 11248 | D        | Reached skill level 27 in Unarmed Combat
 11250 | D        | Noticed an orb of fire
 11252 | D        | Killed an ancient lich
 11253 | D        | Noticed an orb of fire
 11257 | D        | Killed an ancient lich
 11257 | D        | Gained mutation: You are frail. (-10% HP) [an orb of fire]
 11258 | D        | Gained mutation: You are very frail. (-20% HP) [an orb of
                  | fire]
 11263 | D        | Noticed an orb of fire
 11264 | D        | Noticed an orb of fire
 11265 | D        | Gained mutation: You are clumsy. (Dex -2) [an orb of fire]
 11270 | D        | Gained mutation: You are weak. (Str -2) [an orb of fire]
 11274 | D        | Gained mutation: You are extremely frail. (-30% HP) [an orb
                  | of fire]
 11279 | D        | Gained mutation: You tend to lose your temper in combat.
                  | [an orb of fire]
 11280 | D        | Killed an orb of fire
 11280 | D        | Reached skill level 27 in Invocations
 11283 | D        | Killed an orb of fire
 11289 | D        | Killed an orb of fire
 11289 | D        | Reached skill level 15 in Crossbows
 11289 | D        | Reached skill level 10 in Evocations
 11289 | D        | Gained mutation: You often lose your temper in combat. [an
                  | orb of fire]
 11290 | D        | Killed an orb of fire
 11326 | D        | Noticed an ancient lich
 11337 | D        | Killed an ancient lich
 11337 | D        | Reached XP level 20. HP: 127/151 MP: 21/36
 11374 | D        | Reached skill level 15 in Evocations
 11523 | D        | Noticed an ancient lich
 11530 | D        | Noticed an ancient lich
 11533 | D        | Killed an ancient lich
 11554 | D        | Noticed an ancient lich
 11554 | D        | Killed an ancient lich
 11566 | D        | Killed an ancient lich
 12021 | D        | Reached skill level 27 in Crossbows
 12044 | D        | Reached XP level 21. HP: 131/156 MP: 33/37
 12062 | D        | Got an elven rune of Zot
 12319 | D        | Paralysed by a floating eye for 2 turns
 12324 | D        | Paralysed by a floating eye for 2 turns
 12328 | D        | Paralysed by a floating eye for 2 turns
 12332 | D        | Paralysed by a floating eye for 3 turns
 12335 | D        | HP: 6/156 [acid blob (27)]
 12335 | D        | HP: 2/156 [acid (4)]
 12801 | D        | Noticed the Royal Jelly
 12809 | D        | Killed the Royal Jelly
 12809 | D        | Reached skill level 27 in Evocations
 13052 | D        | Paralysed by a floating eye for 2 turns
 13057 | D        | Reached skill level 5 in Spellcasting
 13058 | D        | Paralysed by a floating eye for 4 turns
 13078 | D        | Paralysed by a floating eye for 2 turns
 13092 | D        | Got a slimy rune of Zot
 13224 | D        | Learned a level 2 spell: Blink
 13329 | D        | Reached skill level 10 in Spellcasting
 14253 | D        | Noticed a greater mummy
 14253 | D        | Noticed a greater mummy
 14253 | D        | Noticed a greater mummy
 14301 | D        | Killed a greater mummy
 14301 | D        | HP: 7/151 [??? (4)]
 14316 | D        | Killed a greater mummy
 14320 | D        | Mangled by a reaper

Skill      XL: |  1  2  3  4  5  6  7  8  9 10 11 12 13 14 15 16 17 18 19 20 21 |
---------------+----------------------------------------------------------------+-----
Fighting       | 5 6 7 8 9 11 13 14 16 17 19 20 22 26 27 | 27.0
Armour         | 5 6 7 8 9 11 13 14 16 17 19 23 27 | 27.0
Shields        | 5 6 7 8 9 11 12 13 14 16 17 19 22 24 27 | 27.0
Axes           | 4 5 6 8 9 11 13 14 16 18 21 25 27 | 27.0
Invocations    | 4 5 8 10 12 13 14 17 21 27 | 27.0
Crossbows      | 4 10 18 27 | 27.0
Dodging        | 4 13 17 20 24 27 | 27.0
Throwing       | 8 16 23 | 23.0
Unarmed Combat | 12 20 24 27 | 27.0
Evocations     | 14 24 27 | 27.0
Spellcasting   | 13 | 13.6

Action                   |  1- 3 |  4- 6 |  7- 9 | 10-12 | 13-15 | 16-18 | 19-21 || total
-------------------------+-------+-------+-------+-------+-------+-------+-------++-------
Melee: War axe           |    24 |     8 |       |       |       |       |       ||    32
       Headbutt          |     8 |     5 |    14 |    48 |   190 |   266 |   108 ||   639
       Broad axe         |       |    22 |    37 |   141 |   446 |   609 |   304 ||  1559
 Fire: Hand crossbow     |       |       |       |     6 |    41 |       |     7 ||    54
Throw: Javelin           |       |       |       |       |       |     6 |    34 ||    40
 Cast: Blink             |       |       |       |       |       |       |     1 ||     1
Invok: Slouch            |       |       |     4 |    26 |    18 |    33 |    61 ||   142
  Use: Potion            |     2 |       |     4 |     1 |     6 |     3 |    11 ||    27
       Scroll            |       |       |       |       |       |       |    19 ||    19
 Stab: Petrified         |       |       |     2 |       |       |       |       ||     2
       Invisible         |       |       |     1 |       |       |       |       ||     1
       Confused          |       |       |       |       |     1 |       |       ||     1
       Distracted        |       |       |       |       |       |     1 |       ||     1
  Eat: Ration            |       |       |     1 |     3 |     1 |     3 |     3 ||    11
       Chunk             |       |       |       |     1 |       |       |     2 ||     3
Armor: Scale mail        |    13 |     2 |       |       |       |       |       ||    15
       Chain mail        |       |    15 |    34 |    28 |    25 |       |       ||   102
       Gold dragon scale |       |       |       |       |    55 |    66 |    68 ||   189
Dodge: Dodged            |     6 |    11 |    23 |    30 |   213 |   222 |   162 ||   667
Block: Shield            |    10 |    19 |    26 |   100 |    25 |       |       ||   180
       Large shield      |       |       |       |       |   465 |   524 |   252 ||  1241
       Reflection        |       |       |       |       |    12 |    13 |     6 ||    31
